[ PARTIDA AOE2 · #478797676 ]
UnrankedSicilianos vs Saracens
[ ANÁLISIS DE REPETICIÓN · EXTRAÍDO DE LA PARTIDA GRABADA ]
Feudal
14:29
Castillos
18:24
Imperial
39:50
| APM promedio | 34.1 |
| APM pico | 59 |
| eAPM promedio | 23.6 |
| Aldeanos / militares | 280 / 177 |
Foco
⚔️ 31.2% · 🌾 68.8%
Serjeant ×100 · Knight ×59 · Scorpion ×11 · Monk ×4 · Trebuchet (Packed) ×3
Feudal
—
Castillos
—
Imperial
—
| APM promedio | 27.4 |
| APM pico | 51 |
| eAPM promedio | 19.1 |
| Aldeanos / militares | 184 / 269 |
Foco
⚔️ 28.0% · 🌾 72.0%
Camel Archer ×187 · Scout Cavalry ×76 · Trebuchet (Packed) ×4 · Battering Ram ×2
Feudal
14:13
Castillos
19:23
Imperial
42:26
| APM promedio | 49.6 |
| APM pico | 98 |
| eAPM promedio | 24.7 |
| Aldeanos / militares | 211 / 224 |
Foco
⚔️ 33.1% · 🌾 66.9%
Skirmisher ×61 · Archer ×55 · Knight ×28 · Camel Scout ×23 · Mameluke ×20 · Scout Cavalry ×20
Feudal
12:40
Castillos
18:39
Imperial
41:00
| APM promedio | 45.4 |
| APM pico | 85 |
| eAPM promedio | 22.9 |
| Aldeanos / militares | 172 / 164 |
Foco
⚔️ 36.7% · 🌾 63.3%
Hand Cannoneer ×76 · Cavalry Archer ×53 · Spearman ×29 · Trebuchet (Packed) ×6
Feudal
—
Castillos
—
Imperial
—
| APM promedio | 44.7 |
| APM pico | 120 |
| eAPM promedio | 20.5 |
| Aldeanos / militares | 122 / 149 |
Foco
⚔️ 18.9% · 🌾 81.1%
Knight ×99 · Skirmisher ×45 · Cavalry Archer ×5
Feudal
12:32
Castillos
23:09
Imperial
41:03
| APM promedio | 40.1 |
| APM pico | 95 |
| eAPM promedio | 14.9 |
| Aldeanos / militares | 129 / 122 |
Foco
⚔️ 34.0% · 🌾 66.0%
Scout Cavalry ×62 · Steppe Lancer ×60 · Unknown (1908) ×44
Feudal
14:29
Castillos
19:35
Imperial
40:22
| APM promedio | 26.4 |
| APM pico | 49 |
| eAPM promedio | 17.3 |
| Aldeanos / militares | 143 / 81 |
Foco
⚔️ 29.9% · 🌾 70.1%
Ratha (Ranged) ×64 · Trade Cart ×9 · Armored Elephant ×6 · Elephant Archer ×4 · Trebuchet (Packed) ×4 · Monk ×3
Feudal
13:03
Castillos
17:28
Imperial
35:33
| APM promedio | 27.5 |
| APM pico | 85 |
| eAPM promedio | 20.9 |
| Aldeanos / militares | 228 / 257 |
Foco
⚔️ 47.2% · 🌾 52.8%
Fire Lancer ×198 · Battering Ram ×37 · Skirmisher ×22
Mapa de la partida
Recursos iniciales + cada clic de construcción. Líneas = muros · curvas = relieve. ◆ oro · ⬟ piedra · ● bayas · ✦ reliquia · ◌ hueco del cierre
Tu base· Abierta — hueco de 7t
Base de Ringss12x· Abierta — flanco sin cerrar
Base de TdB.Julitroll· Abierta — flanco sin cerrar
Base de Brasidas· Abierta — hueco de 7t
Base de FLEK3232· Abierta — hueco de 6t
Base de TdB. OJETE NICK· Abierta — hueco de 15t
Base de Dazooe· Abierta — flanco sin cerrar
Base de TdB.Red Matador· Abierta — hueco de 7t
Terreno inicial suavizado · ◌ = hueco del cierre detectado · pasá el cursor para detalles
Inputs por minuto
— Griffin - - Ringss12x
Build order — Griffin
Primeras 150 de 612 acciones detectadas
| 0:13 | Construir | Town Center |
| 1:34 | Construir | House |
| 2:27 | Crear | Villager (Male) |
| 2:27 | Crear | Villager (Male) |
| 2:28 | Crear | Villager (Male) |
| 2:28 | Crear | Villager (Male) |
| 3:51 | Crear | Villager (Male) |
| 3:59 | Construir | Palisade Wall |
| 4:08 | Construir | Palisade Wall |
| 4:21 | Construir | Palisade Wall |
| 4:28 | Crear | Villager (Male) |
| 4:43 | Crear | Villager (Male) |
| 5:07 | Construir | House |
| 5:21 | Crear | Villager (Male) |
| 5:22 | Crear | Villager (Male) |
| 5:29 | Construir | Lumber Camp |
| 5:35 | Construir | Lumber Camp |
| 5:49 | Crear | Villager (Male) |
| 6:05 | Crear | Villager (Male) |
| 7:06 | Crear | Villager (Male) |
| 7:27 | Crear | Villager (Male) |
| 7:35 | Construir | House |
| 7:37 | Investigar | Loom |
| 8:09 | Crear | Villager (Male) |
| 8:09 | Crear | Villager (Male) |
| 8:36 | Crear | Villager (Male) |
| 8:55 | Construir | House |
| 9:05 | Construir | Mill |
| 9:21 | Crear | Villager (Male) |
| 9:44 | Crear | Villager (Male) |
| 10:04 | Crear | Villager (Male) |
| 10:14 | Construir | Mining Camp |
| 10:16 | Crear | Villager (Male) |
| 10:41 | Crear | Villager (Male) |
| 10:41 | Crear | Villager (Male) |
| 10:47 | Crear | Villager (Male) |
| 10:53 | Construir | House |
| 10:58 | Construir | House |
| 11:38 | Crear | Villager (Male) |
| 11:50 | Construir | Mill |
| 12:02 | Investigar | Feudal Age |
| 12:27 | Crear | Villager (Male) |
| 12:27 | Crear | Villager (Male) |
| 14:29 | Edad | Edad Feudal |
| 14:32 | Construir | Market |
| 14:35 | Construir | Blacksmith |
| 14:39 | Crear | Villager (Male) |
| 14:45 | Investigar | Double-Bit Axe |
| 15:13 | Construir | Barracks |
| 15:37 | Investigar | Gold Mining |
| 15:40 | Investigar | Castle Age |
| 16:26 | Construir | Stable |
| 17:36 | Crear | Villager (Male) |
| 18:24 | Edad | Edad de los Castillos |
| 18:27 | Construir | Town Center |
| 18:34 | Construir | Town Center |
| 18:39 | Construir | Town Center |
| 18:42 | Crear | Villager (Male) |
| 18:44 | Crear | Villager (Male) |
| 18:46 | Investigar | Bow Saw |
| 18:53 | Crear | Knight |
| 18:54 | Investigar | Bloodlines |
| 18:56 | Crear | Villager (Male) |
| 19:38 | Crear | Villager (Male) |
| 19:38 | Crear | Villager (Male) |
| 19:42 | Crear | Villager (Male) |
| 19:49 | Construir | Town Center |
| 20:07 | Crear | Villager (Male) |
| 20:07 | Crear | Villager (Male) |
| 20:08 | Crear | Villager (Male) |
| 20:24 | Construir | Mill |
| 20:31 | Crear | Villager (Male) |
| 20:31 | Crear | Villager (Male) |
| 20:35 | Crear | Villager (Male) |
| 20:35 | Crear | Villager (Male) |
| 20:50 | Crear | Villager (Male) |
| 20:51 | Crear | Villager (Male) |
| 21:08 | Crear | Villager (Male) |
| 21:08 | Crear | Villager (Male) |
| 21:08 | Crear | Villager (Male) |
| 21:29 | Crear | Villager (Male) |
| 21:29 | Crear | Villager (Male) |
| 21:29 | Crear | Villager (Male) |
| 21:37 | Crear | Villager (Male) |
| 21:37 | Crear | Villager (Male) |
| 21:45 | Construir | Mill |
| 21:56 | Crear | Villager (Male) |
| 21:57 | Crear | Villager (Male) |
| 21:57 | Crear | Villager (Male) |
| 22:02 | Crear | Villager (Male) |
| 22:03 | Crear | Villager (Male) |
| 22:12 | Construir | Farm |
| 22:12 | Construir | Farm |
| 22:13 | Construir | Farm |
| 22:18 | Investigar | Horse Collar |
| 22:19 | Crear | Villager (Male) |
| 22:20 | Crear | Villager (Male) |
| 22:20 | Crear | Villager (Male) |
| 22:20 | Crear | Villager (Male) |
| 22:20 | Crear | Villager (Male) |
| 22:23 | Crear | Villager (Male) |
| 22:23 | Crear | Villager (Male) |
| 22:24 | Crear | Villager (Male) |
| 22:28 | Construir | House |
| 22:30 | Construir | House |
| 22:32 | Construir | House |
| 22:35 | Crear | Villager (Male) |
| 22:35 | Crear | Villager (Male) |
| 22:36 | Crear | Villager (Male) |
| 22:47 | Construir | House |
| 22:48 | Construir | House |
| 23:03 | Crear | Villager (Male) |
| 23:03 | Crear | Villager (Male) |
| 23:14 | Crear | Villager (Male) |
| 23:14 | Crear | Villager (Male) |
| 23:14 | Crear | Villager (Male) |
| 23:17 | Crear | Villager (Male) |
| 23:18 | Crear | Villager (Male) |
| 23:38 | Construir | Monastery |
| 23:44 | Crear | Villager (Male) |
| 23:44 | Crear | Villager (Male) |
| 23:45 | Crear | Villager (Male) |
| 23:45 | Crear | Villager (Male) |
| 23:45 | Crear | Villager (Male) |
| 23:45 | Crear | Villager (Male) |
| 23:46 | Crear | Villager (Male) |
| 23:46 | Crear | Villager (Male) |
| 24:12 | Crear | Villager (Male) |
| 24:12 | Crear | Villager (Male) |
| 24:12 | Crear | Villager (Male) |
| 24:13 | Crear | Villager (Male) |
| 24:13 | Crear | Villager (Male) |
| 24:34 | Crear | Monk |
| 24:37 | Crear | Monk |
| 24:48 | Crear | Villager (Male) |
| 24:48 | Crear | Villager (Male) |
| 24:48 | Crear | Villager (Male) |
| 24:50 | Investigar | Stone Mining |
| 24:51 | Crear | Villager (Male) |
| 24:52 | Crear | Villager (Male) |
| 24:52 | Crear | Villager (Male) |
| 25:07 | Crear | Villager (Male) |
| 25:07 | Crear | Villager (Male) |
| 25:08 | Crear | Villager (Male) |
| 25:08 | Investigar | Wheelbarrow |
| 25:24 | Crear | Villager (Male) |
| 25:25 | Investigar | Town Watch |
| 25:26 | Investigar | Wheelbarrow |
| 25:27 | Crear | Villager (Male) |
| 25:27 | Crear | Villager (Male) |
Build order — Ringss12x
Primeras 150 de 488 acciones detectadas
| 0:32 | Construir | Town Center |
| 2:27 | Crear | Villager (Male) |
| 2:28 | Crear | Villager (Male) |
| 2:28 | Crear | Villager (Male) |
| 2:28 | Crear | Villager (Male) |
| 2:28 | Crear | Villager (Male) |
| 2:32 | Construir | House |
| 3:16 | Crear | Villager (Male) |
| 3:16 | Crear | Villager (Male) |
| 3:45 | Crear | Villager (Male) |
| 3:45 | Crear | Villager (Male) |
| 4:19 | Crear | Villager (Male) |
| 4:20 | Crear | Villager (Male) |
| 4:31 | Construir | Lumber Camp |
| 4:50 | Construir | House |
| 5:23 | Crear | Villager (Male) |
| 5:23 | Crear | Villager (Male) |
| 5:24 | Crear | Villager (Male) |
| 6:09 | Crear | Villager (Male) |
| 6:10 | Crear | Villager (Male) |
| 6:17 | Investigar | Loom |
| 6:30 | Construir | House |
| 6:33 | Crear | Villager (Male) |
| 6:33 | Crear | Villager (Male) |
| 6:34 | Crear | Villager (Male) |
| 6:53 | Crear | Villager (Male) |
| 6:53 | Crear | Villager (Male) |
| 7:32 | Crear | Villager (Male) |
| 7:36 | Crear | Villager (Male) |
| 7:36 | Crear | Villager (Male) |
| 7:36 | Crear | Villager (Male) |
| 8:05 | Crear | Villager (Male) |
| 8:05 | Crear | Villager (Male) |
| 9:05 | Crear | Villager (Male) |
| 9:06 | Crear | Villager (Male) |
| 9:21 | Construir | House |
| 9:24 | Crear | Villager (Male) |
| 9:25 | Crear | Villager (Male) |
| 9:25 | Crear | Villager (Male) |
| 10:44 | Construir | Mill |
| 11:17 | Investigar | Feudal Age |
| 11:25 | Construir | Mining Camp |
| 12:52 | Crear | Villager (Male) |
| 13:45 | Construir | Blacksmith |
| 13:47 | Construir | Market |
| 13:56 | Construir | House |
| 14:09 | Crear | Villager (Male) |
| 14:18 | Construir | Farm |
| 14:18 | Construir | Farm |
| 14:19 | Construir | Farm |
| 14:20 | Construir | Farm |
| 14:22 | Construir | Farm |
| 14:42 | Investigar | Castle Age |
| 14:43 | Investigar | Castle Age |
| 15:07 | Investigar | Double-Bit Axe |
| 15:08 | Investigar | Double-Bit Axe |
| 15:29 | Construir | House |
| 15:30 | Construir | House |
| 15:31 | Construir | House |
| 15:32 | Construir | House |
| 15:36 | Construir | House |
| 15:37 | Construir | House |
| 15:55 | Crear | Villager (Male) |
| 16:17 | Construir | Mining Camp |
| 16:46 | Investigar | Stone Mining |
| 16:46 | Investigar | Stone Mining |
| 16:51 | Investigar | Stone Mining |
| 17:12 | Construir | House |
| 17:13 | Construir | House |
| 17:14 | Construir | House |
| 17:15 | Construir | House |
| 17:19 | Crear | Villager (Male) |
| 17:20 | Crear | Villager (Male) |
| 17:26 | Crear | Villager (Male) |
| 17:33 | Construir | Town Center |
| 17:37 | Crear | Villager (Male) |
| 17:37 | Crear | Villager (Male) |
| 17:50 | Construir | Palisade Wall |
| 17:54 | Construir | Palisade Wall |
| 17:59 | Construir | House |
| 18:07 | Construir | House |
| 18:24 | Crear | Villager (Male) |
| 18:24 | Crear | Villager (Male) |
| 18:25 | Crear | Villager (Male) |
| 18:29 | Crear | Villager (Male) |
| 18:29 | Crear | Villager (Male) |
| 18:53 | Construir | Town Center |
| 19:03 | Crear | Villager (Male) |
| 19:03 | Crear | Villager (Male) |
| 19:28 | Crear | Villager (Male) |
| 19:29 | Crear | Villager (Male) |
| 19:39 | Crear | Villager (Male) |
| 19:46 | Construir | Farm |
| 19:46 | Construir | Farm |
| 19:46 | Construir | Farm |
| 19:46 | Construir | Farm |
| 19:47 | Construir | Farm |
| 19:48 | Construir | Farm |
| 19:48 | Construir | Farm |
| 19:50 | Crear | Villager (Male) |
| 19:50 | Crear | Villager (Male) |
| 20:09 | Construir | Farm |
| 20:12 | Crear | Villager (Male) |
| 20:12 | Crear | Villager (Male) |
| 20:21 | Construir | Lumber Camp |
| 20:45 | Construir | Farm |
| 20:49 | Construir | Farm |
| 20:51 | Construir | Farm |
| 20:51 | Construir | Farm |
| 20:52 | Construir | Farm |
| 20:52 | Construir | Farm |
| 20:54 | Crear | Villager (Male) |
| 20:54 | Crear | Villager (Male) |
| 21:00 | Crear | Villager (Male) |
| 21:01 | Crear | Villager (Male) |
| 21:02 | Crear | Villager (Male) |
| 21:25 | Investigar | Town Watch |
| 21:25 | Investigar | Town Watch |
| 21:59 | Construir | Town Center |
| 22:02 | Crear | Villager (Male) |
| 22:03 | Crear | Villager (Male) |
| 22:03 | Crear | Villager (Male) |
| 22:18 | Construir | Castle |
| 22:26 | Crear | Villager (Male) |
| 22:26 | Crear | Villager (Male) |
| 22:26 | Crear | Villager (Male) |
| 22:40 | Crear | Villager (Male) |
| 22:40 | Crear | Villager (Male) |
| 22:57 | Construir | Mill |
| 22:59 | Construir | Farm |
| 22:59 | Construir | Farm |
| 23:00 | Construir | Farm |
| 23:00 | Construir | Farm |
| 23:00 | Construir | Farm |
| 23:00 | Construir | Farm |
| 23:01 | Construir | Farm |
| 23:01 | Construir | Farm |
| 23:01 | Construir | Farm |
| 23:07 | Crear | Villager (Male) |
| 23:07 | Crear | Villager (Male) |
| 23:28 | Crear | Villager (Male) |
| 23:28 | Crear | Villager (Male) |
| 23:43 | Crear | Villager (Male) |
| 23:44 | Crear | Villager (Male) |
| 23:51 | Crear | Camel Archer |
| 23:51 | Crear | Camel Archer |
| 23:51 | Crear | Camel Archer |
| 23:52 | Crear | Villager (Male) |
| 23:52 | Crear | Villager (Male) |
| 24:01 | Construir | Farm |
Build order — TdB.Julitroll
Primeras 150 de 696 acciones detectadas
| 0:47 | Construir | Town Center |
| 2:26 | Construir | House |
| 2:37 | Crear | Villager (Male) |
| 2:37 | Crear | Villager (Male) |
| 2:38 | Crear | Villager (Male) |
| 2:38 | Crear | Villager (Male) |
| 2:38 | Crear | Villager (Male) |
| 3:28 | Construir | House |
| 4:13 | Crear | Villager (Male) |
| 4:14 | Crear | Villager (Male) |
| 4:16 | Crear | Villager (Male) |
| 4:17 | Crear | Villager (Male) |
| 4:17 | Crear | Villager (Male) |
| 5:02 | Construir | Lumber Camp |
| 5:23 | Crear | Villager (Male) |
| 5:23 | Crear | Villager (Male) |
| 5:23 | Crear | Villager (Male) |
| 5:48 | Crear | Villager (Male) |
| 5:48 | Crear | Villager (Male) |
| 6:10 | Crear | Villager (Male) |
| 6:11 | Crear | Villager (Male) |
| 6:17 | Construir | House |
| 6:59 | Crear | Villager (Male) |
| 7:00 | Crear | Villager (Male) |
| 7:00 | Crear | Villager (Male) |
| 7:00 | Crear | Villager (Male) |
| 7:13 | Construir | Mill |
| 7:32 | Crear | Villager (Male) |
| 7:32 | Crear | Villager (Male) |
| 8:21 | Crear | Villager (Male) |
| 8:21 | Crear | Villager (Male) |
| 8:39 | Crear | Villager (Male) |
| 8:39 | Crear | Villager (Male) |
| 8:39 | Crear | Villager (Male) |
| 8:40 | Crear | Villager (Male) |
| 9:02 | Crear | Villager (Male) |
| 9:02 | Crear | Villager (Male) |
| 9:22 | Construir | House |
| 9:35 | Construir | House |
| 9:59 | Crear | Villager (Male) |
| 10:16 | Investigar | Loom |
| 10:17 | Crear | Villager (Male) |
| 10:17 | Crear | Villager (Male) |
| 10:24 | Construir | Palisade Wall |
| 10:26 | Construir | Palisade Wall |
| 10:53 | Crear | Villager (Male) |
| 10:53 | Investigar | Feudal Age |
| 12:35 | Construir | Barracks |
| 13:29 | Construir | Mining Camp |
| 13:32 | Crear | Villager (Male) |
| 13:32 | Crear | Villager (Male) |
| 13:40 | Construir | House |
| 13:47 | Construir | House |
| 14:13 | Edad | Edad Feudal |
| 14:31 | Construir | Market |
| 14:43 | Construir | House |
| 14:47 | Construir | Blacksmith |
| 14:53 | Construir | House |
| 14:57 | Crear | Villager (Male) |
| 14:57 | Crear | Villager (Male) |
| 15:15 | Crear | Spearman |
| 15:16 | Crear | Spearman |
| 15:33 | Crear | Villager (Male) |
| 15:33 | Crear | Villager (Male) |
| 15:41 | Construir | House |
| 15:42 | Construir | House |
| 16:28 | Crear | Villager (Male) |
| 16:34 | Investigar | Castle Age |
| 16:38 | Construir | House |
| 16:40 | Construir | House |
| 16:45 | Construir | House |
| 16:49 | Crear | Villager (Male) |
| 16:49 | Crear | Villager (Male) |
| 17:16 | Construir | Stable |
| 17:38 | Construir | Stable |
| 17:49 | Crear | Villager (Male) |
| 18:13 | Investigar | Double-Bit Axe |
| 18:17 | Investigar | Gold Mining |
| 18:28 | Construir | Gate |
| 18:31 | Construir | House |
| 18:35 | Crear | Scout Cavalry |
| 18:35 | Crear | Scout Cavalry |
| 18:35 | Crear | Scout Cavalry |
| 18:45 | Construir | Palisade Wall |
| 18:46 | Construir | Palisade Wall |
| 18:53 | Construir | Palisade Gate |
| 19:07 | Crear | Villager (Male) |
| 19:12 | Investigar | Scale Barding Armor |
| 19:23 | Edad | Edad de los Castillos |
| 19:44 | Crear | Villager (Male) |
| 19:45 | Crear | Villager (Male) |
| 19:58 | Crear | Scout Cavalry |
| 19:58 | Crear | Scout Cavalry |
| 20:02 | Investigar | Bloodlines |
| 20:32 | Construir | Town Center |
| 20:43 | Investigar | Light Cavalry (upgrade) |
| 21:11 | Investigar | Husbandry |
| 21:11 | Investigar | Husbandry |
| 21:44 | Crear | Camel Scout |
| 21:44 | Crear | Camel Scout |
| 22:09 | Investigar | Bow Saw |
| 22:20 | Crear | Camel Scout |
| 22:20 | Crear | Camel Scout |
| 22:41 | Crear | Villager (Male) |
| 22:42 | Crear | Villager (Male) |
| 22:42 | Crear | Villager (Male) |
| 22:42 | Crear | Villager (Male) |
| 22:42 | Crear | Villager (Male) |
| 23:28 | Crear | Knight |
| 23:29 | Crear | Knight |
| 23:38 | Crear | Knight |
| 23:38 | Crear | Knight |
| 23:43 | Investigar | Forging |
| 23:54 | Construir | Town Center |
| 24:26 | Crear | Knight |
| 24:26 | Crear | Knight |
| 24:50 | Crear | Knight |
| 25:25 | Investigar | Wheelbarrow |
| 25:27 | Crear | Villager (Male) |
| 25:27 | Crear | Villager (Male) |
| 25:27 | Crear | Villager (Male) |
| 25:27 | Crear | Villager (Male) |
| 25:58 | Construir | Town Center |
| 27:01 | Crear | Knight |
| 27:01 | Crear | Knight |
| 27:01 | Crear | Knight |
| 27:01 | Crear | Knight |
| 27:02 | Crear | Villager (Male) |
| 27:03 | Crear | Villager (Male) |
| 27:03 | Crear | Villager (Male) |
| 27:15 | Construir | Stone Wall |
| 27:31 | Crear | Knight |
| 27:31 | Crear | Knight |
| 27:33 | Crear | Villager (Male) |
| 27:33 | Crear | Villager (Male) |
| 27:33 | Crear | Villager (Male) |
| 27:34 | Crear | Villager (Male) |
| 27:50 | Crear | Villager (Male) |
| 27:50 | Crear | Villager (Male) |
| 27:51 | Crear | Villager (Male) |
| 28:20 | Construir | Farm |
| 28:20 | Construir | Farm |
| 28:21 | Construir | Farm |
| 28:21 | Construir | Farm |
| 28:21 | Construir | Farm |
| 28:21 | Construir | Farm |
| 28:21 | Construir | Farm |
| 28:21 | Construir | Farm |
| 28:22 | Construir | Farm |
| 28:22 | Construir | Farm |
Build order — Brasidas
Primeras 150 de 539 acciones detectadas
| 0:03 | Construir | Town Center |
| 2:09 | Crear | Villager (Male) |
| 2:09 | Crear | Villager (Male) |
| 2:09 | Crear | Villager (Male) |
| 2:09 | Crear | Villager (Male) |
| 2:09 | Crear | Villager (Male) |
| 2:38 | Construir | House |
| 2:45 | Investigar | Loom |
| 2:45 | Investigar | Loom |
| 3:01 | Crear | Villager (Male) |
| 3:01 | Crear | Villager (Male) |
| 3:02 | Crear | Villager (Male) |
| 3:19 | Crear | Villager (Male) |
| 3:20 | Crear | Villager (Male) |
| 4:07 | Construir | Lumber Camp |
| 4:24 | Crear | Villager (Male) |
| 4:24 | Crear | Villager (Male) |
| 4:55 | Construir | House |
| 5:00 | Crear | Villager (Male) |
| 5:01 | Crear | Villager (Male) |
| 5:24 | Crear | Villager (Male) |
| 5:24 | Crear | Villager (Male) |
| 5:47 | Crear | Villager (Male) |
| 5:48 | Crear | Villager (Male) |
| 6:06 | Crear | Villager (Male) |
| 6:06 | Crear | Villager (Male) |
| 6:20 | Construir | House |
| 6:28 | Crear | Villager (Male) |
| 6:28 | Crear | Villager (Male) |
| 6:58 | Crear | Villager (Male) |
| 6:59 | Crear | Villager (Male) |
| 7:17 | Crear | Villager (Male) |
| 7:18 | Crear | Villager (Male) |
| 7:31 | Crear | Villager (Male) |
| 7:31 | Crear | Villager (Male) |
| 8:00 | Construir | House |
| 8:05 | Crear | Villager (Male) |
| 8:05 | Crear | Villager (Male) |
| 8:39 | Crear | Villager (Male) |
| 8:48 | Construir | Mining Camp |
| 9:04 | Crear | Villager (Male) |
| 9:16 | Crear | Villager (Male) |
| 10:30 | Investigar | Feudal Age |
| 10:31 | Investigar | Feudal Age |
| 11:14 | Crear | Villager (Male) |
| 11:14 | Crear | Villager (Male) |
| 11:28 | Construir | House |
| 11:56 | Construir | Barracks |
| 12:40 | Edad | Edad Feudal |
| 12:43 | Construir | Blacksmith |
| 12:48 | Construir | Archery Range |
| 13:23 | Crear | Villager (Male) |
| 13:38 | Crear | Villager (Male) |
| 14:05 | Construir | House |
| 14:27 | Construir | House |
| 14:32 | Crear | Villager (Male) |
| 14:59 | Construir | Palisade Gate |
| 15:02 | Construir | Palisade Wall |
| 15:03 | Construir | House |
| 15:10 | Crear | Villager (Male) |
| 15:59 | Investigar | Castle Age |
| 15:59 | Investigar | Castle Age |
| 16:07 | Construir | Mill |
| 16:18 | Construir | Archery Range |
| 16:30 | Construir | Archery Range |
| 17:08 | Investigar | Double-Bit Axe |
| 17:08 | Investigar | Double-Bit Axe |
| 17:16 | Investigar | Fletching |
| 18:27 | Construir | Palisade Wall |
| 18:30 | Construir | Palisade Wall |
| 18:32 | Construir | Palisade Wall |
| 18:38 | Construir | Palisade Wall |
| 18:39 | Edad | Edad de los Castillos |
| 18:40 | Construir | Palisade Wall |
| 18:42 | Crear | Cavalry Archer |
| 18:42 | Crear | Cavalry Archer |
| 18:43 | Crear | Cavalry Archer |
| 18:43 | Crear | Cavalry Archer |
| 18:51 | Construir | Palisade Wall |
| 18:53 | Construir | Palisade Wall |
| 18:59 | Investigar | Bodkin Arrow |
| 19:00 | Investigar | Bodkin Arrow |
| 19:07 | Crear | Villager (Male) |
| 19:07 | Crear | Villager (Male) |
| 19:12 | Construir | Town Center |
| 19:27 | Crear | Villager (Male) |
| 20:10 | Crear | Cavalry Archer |
| 20:10 | Crear | Cavalry Archer |
| 20:10 | Crear | Cavalry Archer |
| 20:40 | Crear | Cavalry Archer |
| 20:41 | Crear | Cavalry Archer |
| 20:50 | Crear | Cavalry Archer |
| 20:51 | Crear | Cavalry Archer |
| 20:54 | Crear | Villager (Male) |
| 20:54 | Crear | Villager (Male) |
| 21:24 | Crear | Cavalry Archer |
| 21:24 | Crear | Cavalry Archer |
| 21:36 | Crear | Villager (Male) |
| 21:37 | Crear | Villager (Male) |
| 21:49 | Crear | Villager (Male) |
| 21:49 | Crear | Villager (Male) |
| 21:53 | Construir | Farm |
| 21:53 | Construir | Farm |
| 21:53 | Construir | Farm |
| 21:53 | Construir | Farm |
| 21:53 | Construir | Farm |
| 21:54 | Construir | Farm |
| 21:54 | Construir | Farm |
| 22:25 | Crear | Villager (Male) |
| 22:25 | Crear | Villager (Male) |
| 22:48 | Crear | Cavalry Archer |
| 22:48 | Crear | Cavalry Archer |
| 22:48 | Crear | Cavalry Archer |
| 23:15 | Crear | Cavalry Archer |
| 23:15 | Crear | Cavalry Archer |
| 23:37 | Crear | Villager (Male) |
| 23:37 | Crear | Villager (Male) |
| 23:40 | Construir | Market |
| 23:45 | Construir | House |
| 23:46 | Construir | House |
| 23:47 | Construir | House |
| 23:49 | Construir | Palisade Wall |
| 24:09 | Crear | Villager (Male) |
| 24:09 | Crear | Villager (Male) |
| 24:12 | Investigar | Town Watch |
| 24:19 | Investigar | Wheelbarrow |
| 24:25 | Construir | Farm |
| 24:25 | Construir | Farm |
| 24:26 | Construir | Farm |
| 24:26 | Construir | Farm |
| 24:26 | Construir | Farm |
| 24:26 | Construir | Farm |
| 24:27 | Construir | Farm |
| 24:35 | Crear | Villager (Male) |
| 24:39 | Crear | Cavalry Archer |
| 24:40 | Crear | Cavalry Archer |
| 24:50 | Construir | University |
| 25:16 | Crear | Villager (Male) |
| 25:17 | Crear | Villager (Male) |
| 25:20 | Crear | Villager (Male) |
| 25:20 | Crear | Villager (Male) |
| 25:25 | Construir | House |
| 25:31 | Crear | Cavalry Archer |
| 25:31 | Crear | Cavalry Archer |
| 25:32 | Crear | Villager (Male) |
| 25:33 | Crear | Villager (Male) |
| 25:59 | Crear | Villager (Male) |
| 26:00 | Crear | Cavalry Archer |
| 26:00 | Crear | Cavalry Archer |
| 26:00 | Crear | Cavalry Archer |
Build order — FLEK3232
Primeras 150 de 320 acciones detectadas
| 0:11 | Construir | Town Center |
| 2:20 | Crear | Villager (Male) |
| 2:21 | Crear | Villager (Male) |
| 2:21 | Crear | Villager (Male) |
| 2:21 | Crear | Villager (Male) |
| 2:22 | Crear | Villager (Male) |
| 2:45 | Construir | House |
| 3:12 | Crear | Villager (Male) |
| 3:12 | Crear | Villager (Male) |
| 3:53 | Construir | Lumber Camp |
| 3:56 | Crear | Villager (Male) |
| 3:56 | Crear | Villager (Male) |
| 4:24 | Construir | House |
| 4:33 | Construir | House |
| 4:39 | Construir | Palisade Wall |
| 4:49 | Investigar | Loom |
| 5:18 | Crear | Villager (Male) |
| 5:18 | Crear | Villager (Male) |
| 5:59 | Crear | Villager (Male) |
| 5:59 | Crear | Villager (Male) |
| 6:53 | Crear | Villager (Male) |
| 6:53 | Crear | Villager (Male) |
| 7:31 | Crear | Villager (Male) |
| 7:32 | Crear | Villager (Male) |
| 7:52 | Crear | Villager (Male) |
| 8:04 | Construir | Palisade Wall |
| 8:28 | Crear | Villager (Male) |
| 8:28 | Crear | Villager (Male) |
| 8:43 | Crear | Villager (Male) |
| 8:43 | Crear | Villager (Male) |
| 8:43 | Crear | Villager (Male) |
| 8:53 | Construir | Mill |
| 9:01 | Crear | Villager (Male) |
| 9:02 | Crear | Villager (Male) |
| 9:21 | Crear | Villager (Male) |
| 9:22 | Crear | Villager (Male) |
| 10:09 | Construir | Farm |
| 10:13 | Construir | Farm |
| 10:16 | Construir | Farm |
| 10:23 | Construir | Farm |
| 10:28 | Construir | Farm |
| 10:30 | Crear | Villager (Male) |
| 10:31 | Crear | Villager (Male) |
| 10:44 | Construir | House |
| 10:57 | Crear | Villager (Male) |
| 10:57 | Crear | Villager (Male) |
| 11:57 | Investigar | Feudal Age |
| 12:06 | Construir | Lumber Camp |
| 12:17 | Construir | Palisade Wall |
| 12:31 | Construir | House |
| 12:47 | Crear | Villager (Male) |
| 13:11 | Construir | Mining Camp |
| 13:19 | Crear | Villager (Male) |
| 13:43 | Construir | Palisade Gate |
| 14:14 | Construir | Blacksmith |
| 14:41 | Crear | Villager (Male) |
| 15:04 | Construir | Market |
| 15:24 | Crear | Villager (Male) |
| 15:25 | Crear | Villager (Male) |
| 15:32 | Construir | Farm |
| 15:36 | Construir | Farm |
| 15:59 | Construir | Barracks |
| 16:06 | Crear | Villager (Male) |
| 16:06 | Crear | Villager (Male) |
| 17:04 | Construir | Mill |
| 17:08 | Crear | Villager (Male) |
| 17:09 | Crear | Villager (Male) |
| 17:17 | Construir | Stable |
| 17:40 | Construir | House |
| 17:42 | Construir | House |
| 17:43 | Construir | House |
| 17:44 | Construir | House |
| 17:45 | Construir | House |
| 17:47 | Construir | House |
| 18:13 | Crear | Villager (Male) |
| 18:14 | Crear | Villager (Male) |
| 18:46 | Construir | Stable |
| 18:54 | Construir | Mill |
| 19:13 | Investigar | Castle Age |
| 20:06 | Investigar | Horse Collar |
| 20:11 | Investigar | Double-Bit Axe |
| 20:11 | Investigar | Double-Bit Axe |
| 20:58 | Investigar | Scale Barding Armor |
| 21:12 | Crear | Villager (Male) |
| 21:14 | Crear | Villager (Male) |
| 21:56 | Construir | Town Center |
| 22:13 | Construir | Mining Camp |
| 22:23 | Crear | Knight ×5 |
| 22:23 | Crear | Knight ×5 |
| 22:25 | Investigar | Husbandry |
| 22:48 | Crear | Villager (Male) |
| 22:48 | Crear | Villager (Male) |
| 23:47 | Crear | Villager (Male) |
| 23:48 | Crear | Villager (Male) |
| 23:48 | Crear | Villager (Male) |
| 23:50 | Crear | Villager (Male) |
| 24:00 | Construir | Farm |
| 24:00 | Construir | Farm |
| 24:01 | Construir | Farm |
| 24:01 | Construir | Farm |
| 24:01 | Construir | Farm |
| 24:09 | Crear | Villager (Male) |
| 24:09 | Crear | Villager (Male) |
| 24:18 | Construir | Town Center |
| 24:22 | Crear | Villager (Male) |
| 24:45 | Crear | Knight |
| 24:46 | Crear | Knight |
| 25:07 | Crear | Villager (Male) |
| 25:10 | Crear | Villager (Male) |
| 25:10 | Crear | Villager (Male) |
| 25:43 | Crear | Villager (Male) |
| 25:45 | Crear | Villager (Male) |
| 25:48 | Crear | Villager (Male) |
| 25:48 | Crear | Villager (Male) |
| 25:48 | Crear | Villager (Male) |
| 26:11 | Crear | Knight |
| 26:11 | Crear | Knight |
| 27:07 | Crear | Villager (Male) |
| 27:08 | Crear | Villager (Male) |
| 27:08 | Crear | Villager (Male) |
| 27:10 | Crear | Villager (Male) |
| 27:11 | Crear | Villager (Male) |
| 27:11 | Crear | Villager (Male) |
| 27:12 | Crear | Villager (Male) |
| 27:12 | Crear | Villager (Male) |
| 27:25 | Construir | Town Center |
| 27:31 | Crear | Villager (Male) |
| 27:31 | Crear | Villager (Male) |
| 27:35 | Construir | Farm |
| 27:51 | Construir | Stone Wall |
| 28:12 | Investigar | Wheelbarrow |
| 28:25 | Construir | Archery Range |
| 28:26 | Construir | Archery Range |
| 28:27 | Construir | Archery Range |
| 28:51 | Construir | House |
| 28:52 | Construir | House |
| 28:55 | Construir | House |
| 28:57 | Construir | House |
| 28:58 | Construir | House |
| 28:58 | Construir | House |
| 28:59 | Construir | House |
| 28:59 | Construir | House |
| 29:00 | Construir | House |
| 29:02 | Construir | House |
| 29:10 | Crear | Villager (Male) |
| 29:10 | Crear | Villager (Male) |
| 29:16 | Crear | Villager (Male) |
| 29:17 | Crear | Villager (Male) |
| 29:31 | Construir | Mill |
| 29:35 | Construir | Farm |
Build order — TdB. OJETE NICK
Primeras 150 de 441 acciones detectadas
| 0:11 | Construir | House |
| 0:33 | Construir | Town Center |
| 0:51 | Construir | Mill |
| 0:55 | Construir | Palisade Wall |
| 0:56 | Construir | Palisade Wall |
| 0:57 | Construir | Palisade Wall |
| 0:58 | Construir | Palisade Wall |
| 2:51 | Crear | Villager (Male) |
| 2:51 | Crear | Villager (Male) |
| 2:51 | Crear | Villager (Male) |
| 2:52 | Crear | Villager (Male) |
| 2:52 | Crear | Villager (Male) |
| 3:39 | Crear | Villager (Male) |
| 3:39 | Crear | Villager (Male) |
| 4:04 | Crear | Villager (Male) |
| 4:04 | Crear | Villager (Male) |
| 4:12 | Construir | House |
| 4:16 | Construir | House |
| 5:14 | Crear | Villager (Male) |
| 5:14 | Crear | Villager (Male) |
| 5:15 | Crear | Villager (Male) |
| 5:47 | Crear | Villager (Male) |
| 5:47 | Crear | Villager (Male) |
| 5:47 | Crear | Villager (Male) |
| 5:47 | Crear | Villager (Male) |
| 6:25 | Crear | Villager (Male) |
| 6:47 | Crear | Villager (Male) |
| 6:59 | Construir | House |
| 7:40 | Crear | Villager (Male) |
| 8:07 | Crear | Villager (Male) |
| 8:08 | Crear | Villager (Male) |
| 8:11 | Crear | Villager (Male) |
| 8:40 | Construir | Lumber Camp |
| 9:18 | Crear | Villager (Male) |
| 9:19 | Investigar | Loom |
| 9:33 | Construir | House |
| 9:46 | Construir | House |
| 10:11 | Investigar | Feudal Age |
| 10:21 | Construir | House |
| 11:56 | Construir | Barracks |
| 12:22 | Crear | Villager (Male) |
| 12:22 | Crear | Villager (Male) |
| 12:29 | Construir | Palisade Gate |
| 12:32 | Edad | Edad Feudal |
| 12:36 | Construir | House |
| 12:40 | Construir | House |
| 12:48 | Investigar | Town Watch |
| 13:18 | Construir | Stable |
| 13:31 | Crear | Villager (Male) |
| 13:33 | Investigar | Double-Bit Axe |
| 14:09 | Crear | Villager (Male) |
| 14:10 | Crear | Scout Cavalry |
| 14:10 | Crear | Scout Cavalry |
| 14:10 | Crear | Scout Cavalry |
| 14:11 | Crear | Scout Cavalry |
| 14:12 | Crear | Scout Cavalry |
| 14:26 | Construir | Blacksmith |
| 14:28 | Construir | House |
| 14:36 | Crear | Villager (Male) |
| 14:36 | Crear | Villager (Male) |
| 15:07 | Crear | Villager (Male) |
| 15:18 | Investigar | Forging |
| 15:25 | Construir | Mining Camp |
| 15:32 | Crear | Villager (Male) |
| 15:36 | Investigar | Wheelbarrow |
| 15:54 | Construir | Palisade Wall |
| 15:55 | Construir | Palisade Wall |
| 16:01 | Construir | Palisade Wall |
| 16:02 | Construir | Palisade Wall |
| 16:05 | Crear | Villager (Male) |
| 16:08 | Construir | Farm |
| 16:09 | Construir | Farm |
| 16:12 | Construir | Farm |
| 16:19 | Crear | Villager (Male) |
| 17:12 | Construir | Farm |
| 17:17 | Construir | Farm |
| 17:18 | Construir | Farm |
| 17:52 | Crear | Villager (Male) |
| 17:52 | Crear | Villager (Male) |
| 18:05 | Construir | Farm |
| 18:08 | Construir | Farm |
| 18:10 | Construir | Farm |
| 18:11 | Crear | Villager (Male) |
| 18:53 | Crear | Villager (Male) |
| 19:23 | Construir | Farm |
| 19:32 | Construir | Market |
| 19:39 | Crear | Villager (Male) |
| 19:44 | Construir | Farm |
| 20:29 | Investigar | Castle Age |
| 21:15 | Construir | Stable |
| 21:18 | Investigar | Scale Barding Armor |
| 21:27 | Investigar | Bloodlines |
| 22:03 | Crear | Villager (Male) |
| 23:09 | Edad | Edad de los Castillos |
| 23:14 | Investigar | Husbandry |
| 23:17 | Crear | Villager (Male) |
| 23:21 | Investigar | Chain Barding Armor |
| 23:30 | Construir | Town Center |
| 23:35 | Construir | Town Center |
| 23:42 | Crear | Villager (Male) |
| 23:43 | Crear | Villager (Male) |
| 23:50 | Crear | Steppe Lancer |
| 23:58 | Crear | Steppe Lancer |
| 24:06 | Construir | Farm |
| 24:20 | Investigar | Horse Collar |
| 24:59 | Crear | Steppe Lancer |
| 24:59 | Crear | Steppe Lancer |
| 25:00 | Crear | Villager (Male) |
| 25:31 | Crear | Villager (Male) |
| 25:31 | Crear | Villager (Male) |
| 25:50 | Crear | Villager (Male) |
| 25:50 | Crear | Villager (Male) |
| 26:01 | Crear | Villager (Male) |
| 26:02 | Crear | Villager (Male) |
| 26:02 | Crear | Villager (Male) |
| 26:03 | Crear | Villager (Male) |
| 26:03 | Crear | Villager (Male) |
| 26:06 | Construir | Lumber Camp |
| 26:21 | Crear | Steppe Lancer |
| 26:21 | Crear | Steppe Lancer |
| 26:44 | Crear | Steppe Lancer |
| 26:45 | Crear | Steppe Lancer |
| 27:02 | Crear | Villager (Male) |
| 27:02 | Crear | Villager (Male) |
| 27:06 | Construir | Farm |
| 27:07 | Construir | Farm |
| 27:10 | Construir | Farm |
| 27:12 | Crear | Villager (Male) |
| 27:15 | Construir | Farm |
| 27:15 | Construir | Farm |
| 27:20 | Crear | Villager (Male) |
| 27:27 | Crear | Villager (Male) |
| 27:27 | Crear | Villager (Male) |
| 27:27 | Crear | Villager (Male) |
| 27:37 | Construir | House |
| 27:38 | Construir | House |
| 27:51 | Crear | Villager (Male) |
| 27:51 | Crear | Villager (Male) |
| 27:52 | Crear | Villager (Male) |
| 27:57 | Construir | House |
| 27:59 | Crear | Villager (Male) |
| 28:06 | Crear | Villager (Male) |
| 28:06 | Crear | Villager (Male) |
| 28:20 | Construir | Farm |
| 28:56 | Crear | Steppe Lancer |
| 28:56 | Crear | Steppe Lancer |
| 28:58 | Crear | Villager (Male) |
| 28:58 | Crear | Villager (Male) |
| 28:58 | Crear | Villager (Male) |
| 28:58 | Crear | Villager (Male) |
Build order — Dazooe
Primeras 150 de 433 acciones detectadas
| 0:14 | Construir | House |
| 0:34 | Construir | Town Center |
| 3:00 | Crear | Villager (Male) |
| 3:00 | Crear | Villager (Male) |
| 3:00 | Crear | Villager (Male) |
| 3:00 | Crear | Villager (Male) |
| 3:00 | Crear | Villager (Male) |
| 3:09 | Construir | Mill |
| 4:05 | Construir | House |
| 4:20 | Construir | House |
| 4:25 | Crear | Villager (Male) |
| 4:25 | Crear | Villager (Male) |
| 4:54 | Crear | Villager (Male) |
| 4:54 | Crear | Villager (Male) |
| 5:22 | Crear | Villager (Male) |
| 5:22 | Crear | Villager (Male) |
| 5:51 | Construir | Mill |
| 5:53 | Crear | Villager (Male) |
| 5:53 | Crear | Villager (Male) |
| 5:54 | Crear | Villager (Male) |
| 6:12 | Crear | Villager (Male) |
| 6:12 | Crear | Villager (Male) |
| 6:31 | Crear | Villager (Male) |
| 6:31 | Crear | Villager (Male) |
| 6:31 | Crear | Villager (Male) |
| 6:55 | Construir | House |
| 7:11 | Crear | Villager (Male) |
| 7:11 | Crear | Villager (Male) |
| 7:11 | Crear | Villager (Male) |
| 7:49 | Crear | Villager (Male) |
| 7:49 | Crear | Villager (Male) |
| 8:14 | Crear | Villager (Male) |
| 8:14 | Crear | Villager (Male) |
| 8:24 | Crear | Villager (Male) |
| 8:25 | Crear | Villager (Male) |
| 8:41 | Crear | Villager (Male) |
| 8:41 | Crear | Villager (Male) |
| 9:03 | Crear | Villager (Male) |
| 9:03 | Crear | Villager (Male) |
| 9:03 | Crear | Villager (Male) |
| 9:19 | Crear | Villager (Male) |
| 9:19 | Crear | Villager (Male) |
| 9:19 | Crear | Villager (Male) |
| 9:22 | Construir | Farm |
| 9:34 | Construir | House |
| 9:37 | Construir | House |
| 9:45 | Crear | Villager (Male) |
| 9:45 | Crear | Villager (Male) |
| 9:45 | Crear | Villager (Male) |
| 9:45 | Crear | Villager (Male) |
| 10:20 | Crear | Villager (Male) |
| 10:22 | Construir | Mining Camp |
| 10:49 | Crear | Villager (Male) |
| 10:50 | Crear | Villager (Male) |
| 10:50 | Crear | Villager (Male) |
| 11:01 | Investigar | Loom |
| 11:40 | Crear | Villager (Male) |
| 12:11 | Investigar | Feudal Age |
| 12:56 | Construir | Outpost |
| 13:16 | Crear | Villager (Male) |
| 13:45 | Crear | Villager (Male) |
| 14:29 | Edad | Edad Feudal |
| 14:37 | Construir | Blacksmith |
| 14:40 | Construir | Market |
| 15:11 | Construir | House |
| 15:15 | Construir | House |
| 15:28 | Construir | Barracks |
| 15:47 | Construir | Mill |
| 16:22 | Crear | Villager (Male) |
| 16:29 | Construir | Stable |
| 16:55 | Investigar | Castle Age |
| 17:38 | Construir | Lumber Camp |
| 17:50 | Construir | Outpost |
| 18:23 | Crear | Villager (Male) |
| 18:26 | Investigar | Double-Bit Axe |
| 19:04 | Crear | Villager (Male) |
| 19:35 | Edad | Edad de los Castillos |
| 19:41 | Construir | Town Center |
| 19:50 | Construir | Castle |
| 19:58 | Investigar | Bow Saw |
| 20:02 | Crear | Villager (Male) |
| 20:29 | Crear | Villager (Male) |
| 20:49 | Crear | Villager (Male) |
| 20:53 | Construir | Monastery |
| 21:02 | Crear | Villager (Male) |
| 21:13 | Construir | House |
| 21:14 | Construir | House |
| 21:15 | Construir | House |
| 21:17 | Construir | House |
| 21:21 | Crear | Villager (Male) |
| 21:26 | Crear | Villager (Male) |
| 21:32 | Investigar | Wheelbarrow |
| 21:34 | Crear | Villager (Male) |
| 22:07 | Crear | Ratha (Ranged) |
| 22:09 | Investigar | Fletching |
| 22:11 | Investigar | Padded Archer Armor |
| 22:14 | Crear | Villager (Male) |
| 22:17 | Crear | Villager (Male) |
| 22:30 | Crear | Ratha (Ranged) |
| 22:43 | Crear | Monk |
| 23:08 | Crear | Ratha (Ranged) |
| 23:17 | Crear | Villager (Male) |
| 23:21 | Construir | House |
| 23:26 | Crear | Ratha (Ranged) |
| 23:28 | Construir | Farm |
| 23:28 | Construir | Farm |
| 23:32 | Construir | Farm |
| 23:34 | Construir | Farm |
| 23:47 | Construir | Outpost |
| 23:56 | Construir | Farm |
| 23:58 | Construir | Farm |
| 24:01 | Construir | Farm |
| 24:06 | Crear | Ratha (Ranged) |
| 24:30 | Investigar | Horse Collar |
| 24:34 | Construir | Farm |
| 24:34 | Construir | Farm |
| 24:34 | Construir | Farm |
| 24:35 | Construir | Farm |
| 24:42 | Crear | Villager (Male) |
| 24:45 | Crear | Ratha (Ranged) |
| 25:11 | Crear | Monk |
| 25:19 | Crear | Villager (Male) |
| 25:20 | Crear | Villager (Male) |
| 25:39 | Crear | Villager (Male) |
| 26:01 | Crear | Ratha (Ranged) |
| 26:02 | Crear | Villager (Male) |
| 26:03 | Crear | Villager (Male) |
| 26:13 | Investigar | Fletching |
| 26:22 | Crear | Villager (Male) |
| 26:30 | Construir | Town Center |
| 26:53 | Crear | Villager (Male) |
| 26:54 | Crear | Villager (Male) |
| 27:06 | Crear | Villager (Male) |
| 27:07 | Crear | Villager (Male) |
| 27:16 | Crear | Ratha (Ranged) |
| 27:26 | Construir | Stone Wall |
| 27:28 | Construir | Stone Wall |
| 27:29 | Crear | Villager (Male) |
| 27:30 | Crear | Villager (Male) |
| 27:48 | Crear | Villager (Male) |
| 27:50 | Crear | Villager (Male) |
| 27:51 | Crear | Ratha (Ranged) |
| 27:52 | Crear | Ratha (Ranged) |
| 27:52 | Crear | Ratha (Ranged) |
| 28:09 | Investigar | Gold Mining |
| 28:43 | Crear | Villager (Male) |
| 28:43 | Crear | Villager (Male) |
| 28:48 | Construir | University |
| 28:54 | Crear | Ratha (Ranged) |
| 28:55 | Crear | Villager (Male) |
Build order — TdB.Red Matador
Primeras 150 de 656 acciones detectadas
| 0:10 | Construir | Town Center |
| 0:17 | Construir | House |
| 0:23 | Construir | House |
| 2:26 | Investigar | Loom |
| 2:26 | Investigar | Loom |
| 2:26 | Investigar | Loom |
| 3:07 | Crear | Villager (Male) |
| 3:08 | Crear | Villager (Male) |
| 3:38 | Crear | Villager (Male) |
| 4:07 | Crear | Villager (Male) |
| 4:07 | Crear | Villager (Male) |
| 4:07 | Crear | Villager (Male) |
| 4:32 | Crear | Villager (Male) |
| 4:32 | Crear | Villager (Male) |
| 4:32 | Crear | Villager (Male) |
| 5:03 | Crear | Villager (Male) |
| 5:03 | Crear | Villager (Male) |
| 5:03 | Crear | Villager (Male) |
| 5:15 | Construir | Mill |
| 5:39 | Crear | Villager (Male) |
| 5:39 | Crear | Villager (Male) |
| 5:39 | Crear | Villager (Male) |
| 5:56 | Crear | Villager (Male) |
| 5:56 | Crear | Villager (Male) |
| 5:56 | Crear | Villager (Male) |
| 6:17 | Crear | Villager (Male) |
| 6:17 | Crear | Villager (Male) |
| 6:48 | Crear | Villager (Male) |
| 6:49 | Crear | Villager (Male) |
| 6:49 | Crear | Villager (Male) |
| 7:05 | Crear | Villager (Male) |
| 7:05 | Crear | Villager (Male) |
| 7:34 | Crear | Villager (Male) |
| 7:50 | Construir | House |
| 7:51 | Construir | House |
| 8:47 | Crear | Villager (Male) |
| 8:47 | Crear | Villager (Male) |
| 8:47 | Crear | Villager (Male) |
| 8:48 | Crear | Villager (Male) |
| 8:48 | Crear | Villager (Male) |
| 9:17 | Crear | Villager (Male) |
| 9:52 | Crear | Villager (Male) |
| 10:15 | Construir | Lumber Camp |
| 10:24 | Crear | Villager (Male) |
| 10:36 | Construir | Mining Camp |
| 10:47 | Investigar | Feudal Age |
| 11:02 | Construir | House |
| 11:03 | Construir | House |
| 11:35 | Construir | Mill |
| 11:53 | Crear | Villager (Male) |
| 11:53 | Crear | Villager (Male) |
| 13:03 | Edad | Edad Feudal |
| 13:06 | Construir | Market |
| 13:58 | Crear | Villager (Male) |
| 14:11 | Construir | Blacksmith |
| 14:20 | Crear | Villager (Male) |
| 14:30 | Crear | Villager (Male) |
| 14:47 | Investigar | Castle Age |
| 14:47 | Investigar | Castle Age |
| 14:47 | Investigar | Castle Age |
| 15:12 | Investigar | Double-Bit Axe |
| 15:21 | Crear | Villager (Male) |
| 15:22 | Crear | Villager (Male) |
| 15:40 | Construir | House |
| 15:44 | Construir | House |
| 16:49 | Construir | House |
| 17:28 | Edad | Edad de los Castillos |
| 17:32 | Construir | Town Center |
| 17:40 | Crear | Villager (Male) |
| 18:19 | Construir | Town Center |
| 18:21 | Crear | Villager (Male) |
| 18:22 | Crear | Villager (Male) |
| 18:28 | Crear | Villager (Male) |
| 18:35 | Crear | Villager (Male) |
| 18:37 | Crear | Villager (Male) |
| 19:07 | Construir | Town Center |
| 19:17 | Crear | Villager (Male) |
| 19:45 | Construir | Farm |
| 19:46 | Construir | Farm |
| 19:51 | Construir | Farm |
| 19:51 | Construir | Farm |
| 20:05 | Construir | Farm |
| 20:22 | Construir | Stone Wall |
| 20:23 | Crear | Villager (Male) |
| 20:26 | Crear | Villager (Male) |
| 20:26 | Crear | Villager (Male) |
| 20:27 | Crear | Villager (Male) |
| 20:27 | Crear | Villager (Male) |
| 20:27 | Crear | Villager (Male) |
| 20:27 | Crear | Villager (Male) |
| 20:27 | Crear | Villager (Male) |
| 20:38 | Crear | Villager (Male) |
| 20:39 | Crear | Villager (Male) |
| 20:39 | Crear | Villager (Male) |
| 20:42 | Construir | Farm |
| 20:43 | Construir | Farm |
| 20:47 | Construir | Farm |
| 20:48 | Crear | Villager (Male) |
| 20:49 | Crear | Villager (Male) |
| 20:49 | Crear | Villager (Male) |
| 21:04 | Construir | Farm |
| 21:08 | Crear | Villager (Male) |
| 21:09 | Crear | Villager (Male) |
| 21:12 | Construir | Farm |
| 21:14 | Crear | Villager (Male) |
| 21:14 | Crear | Villager (Male) |
| 21:14 | Crear | Villager (Male) |
| 21:15 | Crear | Villager (Male) |
| 21:41 | Crear | Villager (Male) |
| 21:46 | Crear | Villager (Male) |
| 21:46 | Crear | Villager (Male) |
| 21:47 | Crear | Villager (Male) |
| 21:58 | Crear | Villager (Male) |
| 21:58 | Crear | Villager (Male) |
| 21:58 | Crear | Villager (Male) |
| 21:59 | Crear | Villager (Male) |
| 22:02 | Construir | Farm |
| 22:02 | Construir | Farm |
| 22:04 | Crear | Villager (Male) |
| 22:05 | Crear | Villager (Male) |
| 22:11 | Crear | Villager (Male) |
| 22:11 | Crear | Villager (Male) |
| 22:23 | Construir | Farm |
| 22:23 | Construir | Farm |
| 22:28 | Construir | Farm |
| 22:29 | Crear | Villager (Male) |
| 22:30 | Crear | Villager (Male) |
| 22:30 | Crear | Villager (Male) |
| 22:30 | Crear | Villager (Male) |
| 22:33 | Crear | Villager (Male) |
| 22:37 | Crear | Villager (Male) |
| 22:38 | Crear | Villager (Male) |
| 23:01 | Crear | Villager (Male) |
| 23:02 | Crear | Villager (Male) |
| 23:02 | Crear | Villager (Male) |
| 23:02 | Crear | Villager (Male) |
| 23:13 | Crear | Villager (Male) |
| 23:14 | Crear | Villager (Male) |
| 23:14 | Crear | Villager (Male) |
| 23:22 | Construir | Mill |
| 23:23 | Construir | Farm |
| 23:23 | Construir | Farm |
| 23:23 | Construir | Farm |
| 23:24 | Construir | Farm |
| 23:24 | Construir | Farm |
| 23:24 | Construir | Farm |
| 23:24 | Construir | Farm |
| 23:24 | Construir | Farm |
| 23:25 | Construir | Farm |
| 23:25 | Construir | Farm |
Cronología de la partida
| 0:55 | TdB. OJETE NICK · wall_segment Palisade Wall x1 |
| 0:56 | TdB. OJETE NICK · wall_segment Palisade Wall x1 |
| 0:57 | TdB. OJETE NICK · wall_segment Palisade Wall x1 |
| 0:58 | TdB. OJETE NICK · wall_segment Palisade Wall x1 |
| 3:59 | Griffin · wall_segment Palisade Wall x1 |
| 4:08 | Griffin · wall_segment Palisade Wall x1 |
| 4:21 | Griffin · wall_segment Palisade Wall x1 |
| 4:39 | FLEK3232 · wall_segment Palisade Wall x1 |
| 8:04 | FLEK3232 · wall_segment Palisade Wall x7 |
| 10:24 | TdB.Julitroll · wall_segment Palisade Wall x1 |
| 10:26 | TdB.Julitroll · wall_segment Palisade Wall x1 |
| 11:56 | TdB. OJETE NICK · first_building Barracks |
| 11:56 | Brasidas · first_building Barracks |
| 12:17 | FLEK3232 · wall_segment Palisade Wall x14 |
| 12:32 | TdB. OJETE NICK · age_up feudal |
| 12:35 | TdB.Julitroll · first_building Barracks |
| 12:40 | Brasidas · age_up feudal |
| 12:48 | Brasidas · first_building Archery Range |
| 13:03 | TdB.Red Matador · age_up feudal |
| 13:18 | TdB. OJETE NICK · first_building Stable |
| 14:13 | TdB.Julitroll · age_up feudal |
| 14:29 | Dazooe · age_up feudal |
| 14:29 | Griffin · age_up feudal |
| 14:38 | Ringss12x · first_market_sell 100 wood |
| 14:41 | Ringss12x · first_market_buy 100 food |
| 14:46 | TdB.Red Matador · first_market_sell 100 food |
| 15:02 | Brasidas · wall_segment Palisade Wall x1 |
| 15:13 | Griffin · first_building Barracks |
| 15:28 | Dazooe · first_building Barracks |
| 15:54 | TdB. OJETE NICK · wall_segment Palisade Wall x1 |
| 15:55 | TdB. OJETE NICK · wall_segment Palisade Wall x1 |
| 15:59 | FLEK3232 · first_building Barracks |
| 16:01 | TdB. OJETE NICK · wall_segment Palisade Wall x1 |
| 16:02 | TdB. OJETE NICK · wall_segment Palisade Wall x1 |
| 16:26 | Griffin · first_building Stable |
| 16:29 | Dazooe · first_building Stable |
| 16:31 | TdB.Julitroll · first_market_sell 100 food |
| 17:16 | TdB.Julitroll · first_building Stable |
| 17:17 | FLEK3232 · first_building Stable |
| 17:28 | TdB.Red Matador · age_up castle |
| 17:50 | Ringss12x · wall_segment Palisade Wall x1 |
| 17:54 | Ringss12x · wall_segment Palisade Wall x1 |
| 18:24 | Griffin · age_up castle |
| 18:27 | Brasidas · wall_segment Palisade Wall x1 |
| 18:30 | Brasidas · wall_segment Palisade Wall x1 |
| 18:32 | Brasidas · wall_segment Palisade Wall x1 |
| 18:38 | Brasidas · wall_segment Palisade Wall x1 |
| 18:39 | Brasidas · age_up castle |
| 18:40 | Brasidas · wall_segment Palisade Wall x1 |
| 18:45 | TdB.Julitroll · wall_segment Palisade Wall x11 |
| 18:46 | TdB.Julitroll · wall_segment Palisade Wall x5 |
| 18:51 | Brasidas · wall_segment Palisade Wall x1 |
| 18:53 | Brasidas · wall_segment Palisade Wall x1 |
| 19:23 | TdB.Julitroll · age_up castle |
| 19:35 | Dazooe · age_up castle |
| 19:50 | Dazooe · first_building Castle |
| 20:06 | Griffin · first_market_buy 100 food |
| 20:22 | TdB.Red Matador · wall_segment Stone Wall x26 |
| 20:26 | TdB. OJETE NICK · first_market_sell 100 wood |
| 20:27 | TdB. OJETE NICK · first_market_buy 100 food |
| 20:53 | Dazooe · first_building Monastery |
| 22:02 | TdB.Julitroll · first_market_buy 100 stone |
| 22:18 | Ringss12x · first_building Castle |
| 23:09 | TdB. OJETE NICK · age_up castle |
| 23:38 | Griffin · first_building Monastery |
| 23:49 | Brasidas · wall_segment Palisade Wall x1 |
| 24:09 | TdB.Red Matador · wall_segment Stone Wall x35 |
| 26:07 | Brasidas · first_building Stable |
| 26:37 | TdB.Red Matador · first_building Barracks |
| 26:59 | TdB.Red Matador · wall_segment Stone Wall x10 |
| 27:15 | TdB.Julitroll · wall_segment Stone Wall x1 |
| 27:26 | Dazooe · wall_segment Stone Wall x14 |
| 27:28 | Dazooe · wall_segment Stone Wall x8 |
| 27:51 | FLEK3232 · wall_segment Stone Wall x9 |
| 28:15 | TdB.Red Matador · wall_segment Stone Wall x5 |
| 28:22 | Griffin · first_building Castle |
| 28:25 | FLEK3232 · first_building Archery Range |
| 28:41 | Brasidas · wall_segment Palisade Wall x1 |
| 29:29 | TdB.Red Matador · first_building Castle |
| 29:33 | TdB. OJETE NICK · first_building Castle |
| 30:13 | FLEK3232 · first_building Castle |
| 30:14 | TdB.Red Matador · first_building Siege Workshop |
| 30:19 | Ringss12x · first_building Barracks |
| 31:39 | Dazooe · wall_segment Stone Wall x7 |
| 32:41 | Ringss12x · first_building Stable |
| 33:15 | Dazooe · wall_segment Stone Wall x9 |
| 34:09 | Dazooe · wall_segment Stone Wall x3 |
| 34:12 | Dazooe · wall_segment Stone Wall x3 |
| 34:13 | Dazooe · wall_segment Stone Wall x1 |
| 34:36 | Dazooe · wall_segment Stone Wall x1 |
| 34:58 | TdB.Julitroll · first_building Castle |
| 35:33 | TdB.Red Matador · age_up imperial |
| 36:12 | Brasidas · first_building Castle |
| 36:38 | Griffin · first_market_sell 100 food |
| 37:05 | Brasidas · wall_segment Stone Wall x1 |
| 37:11 | TdB.Red Matador · first_building Archery Range |
| 38:54 | Griffin · first_building Donjon |
| 39:37 | TdB.Julitroll · first_building Archery Range |
| 39:50 | Griffin · age_up imperial |
| 40:08 | Dazooe · first_building Archery Range |
| 40:22 | Dazooe · age_up imperial |
| 40:50 | Dazooe · first_building Siege Workshop |
| 41:00 | Brasidas · age_up imperial |
| 41:03 | TdB. OJETE NICK · age_up imperial |
| 41:16 | Griffin · first_building Siege Workshop |
| 41:43 | Ringss12x · first_building Siege Workshop |
| 42:26 | TdB.Julitroll · age_up imperial |
| 45:05 | Dazooe · wall_segment Stone Wall x27 |
| 45:07 | Dazooe · wall_segment Stone Wall x19 |
| 46:28 | Dazooe · tribute_sent a jugador 1 |
| 46:28 | Dazooe · tribute_sent a jugador 2 |
| 46:28 | Dazooe · tribute_sent a jugador 3 |
| 46:28 | Dazooe · tribute_sent a jugador 4 |
| 46:28 | Dazooe · tribute_sent a jugador 5 |
| 46:28 | Dazooe · tribute_sent a jugador 6 |
| 46:28 | Dazooe · tribute_sent a jugador 8 |
| 46:43 | Brasidas · tribute_sent a jugador 1 |
| 46:43 | Brasidas · tribute_sent a jugador 2 |
| 46:43 | Brasidas · tribute_sent a jugador 4 |
| 46:43 | Brasidas · tribute_sent a jugador 5 |
| 46:43 | Brasidas · tribute_sent a jugador 6 |
| 46:43 | Brasidas · tribute_sent a jugador 7 |
| 46:43 | Brasidas · tribute_sent a jugador 8 |
| 46:44 | Dazooe · tribute_sent a jugador 1 |
| 46:44 | Dazooe · tribute_sent a jugador 2 |
| 46:44 | Dazooe · tribute_sent a jugador 3 |
| 46:44 | Dazooe · tribute_sent a jugador 4 |
| 46:44 | Dazooe · tribute_sent a jugador 5 |
| 46:44 | Dazooe · tribute_sent a jugador 6 |
| 46:44 | Dazooe · tribute_sent a jugador 8 |
| 50:26 | TdB.Red Matador · resign |
| 50:48 | Dazooe · wall_segment Stone Wall x16 |
[ ANÁLISIS IA · 1 CRÉDITO ]
¿Qué pasó realmente en esta partida?
Wolo.gg analiza cada decisión: build order, eco, micro, errores típicos por bracket. Análisis personalizado por WhatsApp o Discord en 30 segundos.
Guía civ
Sicilianos
Perfil
Jugador #2168878